Mourne, chaotic male orcish Priest --------- |.......| .<......| |.......| ........| ---.----- I --|---.- |..^.v@| |....^.. |......| -------- Mourne the Aspirant Experience level: 2 Strength: 10 Dexterity: 13 Constitution: 17 Intelligence: 9 Wisdom: 16 Charisma: 10 Health: 0(24) Energy: 20(20) Def: 2 Gold: 201 Moves: 1087 Dungeon seed: 5WYmKBDLtdUnRquB Game ID: Mourne_1520698439 Your Inventory: Coins $ - 201 gold pieces Weapons a - a blessed +1 mace (weapon in hand) Armor e - an uncursed +0 robe (being worn) n - an uncursed +0 orcish shield Comestibles c - an uncursed clove of garlic d - 2 uncursed sprigs of wolfsbane i - 5 uncursed food rations Scrolls l - an uncursed scroll of fire q - 2 uncursed scrolls of destroy armor Spellbooks f - a blessed spellbook of clairvoyance Potions b - 4 potions of holy water o - 2 uncursed potions of extra healing Rings k - an uncursed ring of polymorph control (on right hand) p - an uncursed -1 ring of gain strength Wands j - an uncursed wand of polymorph (0:7) Tools h - an uncursed oil lamp (0:1221) r - an uncursed magic whistle Spells and supernatural/magical abilities: Name Level Category Fail Memory I - identify 2 divination 57% 100% W - pray for help -- divine ? -- X - turn undead -- divine ? -- Your skills at the end: Fighting Skills wands [Basic] Weapon Skills mace [Basic] Spellcasting Skills clerical spells [Basic] Final Attributes: You were immune to poison. You were hallucinating. You had infravision. You had polymorph control. You are dead. Vanquished creatures: a little dog a kitten an acid blob 2 giant rats a yellow mold a green mold 5 geckos 6 jackals 4 grid bugs 2 lichens 3 newts and a partridge in a pear tree 27 creatures vanquished. Voluntary challenges: You were an atheist. You used a wielded weapon 19 times, starting on turn 121. You read items or engraved 7 times, starting on turn 901. You never genocided any monsters. You never polymorphed an object. You never changed form. You used no wishes. You never split a pudding. You never wrote Elbereth's name. You never violated your personal moral code. Dungeon overview: The Dungeons of Doom: levels 1 to 4 Level 1 a fountain a long staircase Level 2 a fountain, a vault stairs to The Gnomish Mines Level 3 a wand shop Level 4 <- You were here The Gnomish Mines: Level 3 stairs to The Dungeons of Doom History has recorded: On T:1 you entered the Dungeons of Doom to retrieve the Amulet of Yendor! On T:234 you reached level 2 of The Dungeons of Doom. On T:465 you reached level 3 of The Dungeons of Doom. On T:715 you advanced to experience level 2. On T:743 you reached level 4 of The Dungeons of Doom. On T:875 you reached level 1 of The Gnomish Mines. Score breakdown: Gold: 201 ( 7842 points) Experience: 2 levels ( 5570 points) Exploration: 4 levels ( 8.16%) ( 7500 points) Discoveries: 8 items ( 2.77%) ( 4991 points) Valuables value: (no points given unless you survive) Artifact value: 0 ( 0 points) Variety of kills: 11 monsters ( 2.89%) ( 5104 points) Turncount: 1087 turns ( 0 points) Survival: died (score multiplied by 80%) Total score: 24805 Latest messages: Oh wow! Great stuff! [3 turns] You sense a monster nearby! (3x) You find a falling rock trap. You sense a monster nearby! (3x) You can see again. The large cat breathes frost! The blast of frost hits the tyrannosaurus rex! The blast of frost bounces! (3x) You hear some noises nearby. The vampire lord breathes frost! You hear a blast. The dwarf king breathes frost! The ettin breathes frost! The blast of frost hits the gnome zombie! The powerful blast of frost explodes! The rock mole is caught in the ball of cold! The stone golem is caught in the ball of cold! The jackal is killed! You are caught in the ball of cold! The air elemental is caught in the ball of cold! You are caught in the ball of cold! Final status: Goodbye Mourne the Priest, killed by a hallucinogen-distorted silver dragon called "Doggo"'s ball of cold... You died in The Dungeons of Doom on dungeon level 4 with 24805 points, and 201 pieces of gold, after 1087 moves. You were level 2 with a maximum of 24 hit points when you died.